 Dungeon Crawl Stone Soup version 0.29-a0-575-g0dc89cf053 (webtiles) character file.

Game seed: 12116556109972728940

5452 lorenzova the Thaumaturge (level 10, -1/50 HPs)
             Began as a Deep Elf Conjurer on June 12, 2022.
             Was a Believer of Vehumet.
             Succumbed to a kobold brigand's curare-tipped dart
             ... on level 9 of the Dungeon.
             The game lasted 00:21:34 (15136 turns).

lorenzova the Thaumaturge (Deep Elf Conjurer)      Turns: 15136, Time: 00:21:35

Health: -1/50      AC:  5    Str:  4    XL:     10   Next: 41%
Magic:  37/37      EV: 12    Int: 28    God:    Vehumet [**....]
Gold:   696        SH:  0    Dex: 13    Spells: 15/33 levels left

rFire   . . .      SeeInvis .   H - +0 dire flail (protect)
rCold   . . .      Faith    .   (shield currently unavailable)
rNeg    . . .      Spirit   .   I - +0 steam dragon scales
rPois   .          Reflect  .   (no helmet)
rElec   .          Harm     .   (no cloak)
rCorr   +          Rampage  .   (no gloves)
Will    +....                   (no boots)
Stlth   ++........              (no amulet)
HPRegen 0.16/turn               h - ring of magical power
MPRegen 0.25/turn               z - ring of resist corrosion

@: lethally poisoned (-1 -> -12), studying Necromancy
A: no striking features
a: Renounce Religion


You were on level 9 of the Dungeon.
You worshipped Vehumet.
Vehumet was pleased with you.
You visited 1 branch of the dungeon, and saw 10 of its levels.

You collected 696 gold pieces.

Inventory:

Hand Weapons
 u - a +0 vorpal hand axe
 H - a +0 dire flail of protection (weapon)
Armour
 a - a +0 robe
 p - the +0 ring mail of Disguise {Regen+}
   (You found it on level 2 of the Dungeon)

   Regen:     It increases your rate of health regeneration.
 I - +0 steam dragon scales (worn)
 J - a +1 robe of willpower
 L - the +0 robe of Sifin {Harm rF+ Int+2}
   (You found it on level 8 of the Dungeon)

   Int:       It affects your intelligence (+2).
   rF:        It protects you from fire.
   Harm:      It increases damage dealt and taken.
Magical Staves
 w - a staff of earth
 N - a staff of death
Jewellery
 h - a ring of magical power (left hand)
 z - a ring of resist corrosion (right hand)
 E - a +6 ring of strength
Wands
 g - a wand of polymorph (10)
 r - a wand of iceblast (12)
 y - a wand of flame (24)
Scrolls
 d - 2 scrolls of magic mapping
 i - 2 scrolls of teleportation
 k - 4 scrolls of immolation
 n - 3 scrolls of vulnerability
 o - a scroll of blinking
 q - a scroll of amnesia {unknown}
 v - a scroll of acquirement {unknown}
 x - a scroll of enchant weapon {unknown}
 C - 3 scrolls of fog {unknown}
 G - a scroll of torment {unknown}
 K - 3 scrolls of fear {unknown}
 M - a scroll of enchant armour {unknown}
Potions
 b - a potion of magic
 e - a potion of might
 f - a potion of berserk rage {unknown}
 j - 2 potions of degeneration {unknown}
 l - 2 potions of cancellation
 m - 2 potions of brilliance
 s - 3 potions of flight
 t - 2 potions of attraction {unknown}
 A - 3 potions of lignification {unknown}
 B - a potion of mutation {unknown}
 D - a potion of heal wounds {unknown}
 F - a potion of haste {unknown}


   Skills:
 - Level 2.4 Dodging
 - Level 2.4 Stealth
 * Level 12.0 Spellcasting
 * Level 10.8 Conjurations
 + Level 3.7 Hexes
 + Level 3.1 Translocations
 * Level 8.7 Fire Magic


You had 15 spell levels left.
You knew the following spells:

 Your Spells              Type           Power      Damage    Failure   Level
a - Magic Dart            Conj           100%       1d8       1%          1
b - Searing Ray           Conj           100%       2d8       1%          2
c - Iskenderun's Mystic   Conj/Tloc      54%        2d12      1%          4
d - Fulminant Prism       Conj/Hex       27%        3d14      1%          4
s - Sticky Flame          Conj/Fire      64%        2d8       1%          4
x - Conjure Flame         Conj/Fire      64%        6-21      1%          3

Your spell library contained the following spells:

 Spells                   Type           Power      Damage    Failure   Level
 Inner Flame              Hex/Fire       51%        N/A       1%          3
 Blink                    Tloc           68%        N/A       1%          2
 Dazzling Flash           Conj/Hex       100%       N/A       1%          3
 Lesser Beckoning         Tloc           34%        N/A       2%          3
 Portal Projectile        Hex/Tloc       70%        N/A       2%          3
 Tukima's Dance           Hex            37%        N/A       2%          3
 Ignite Poison            Fire/Tmut/Pois 33%        N/A       3%          3
 Hailstorm                Conj/Ice       47%        3d11      3%          4
 Manifold Assault         Tloc           34%        N/A       26%         5
 Ice Form                 Ice/Tmut       16%        N/A       32%         4
 Blade Hands              Tmut           8%         N/A       65%         5
 Lee's Rapid Deconstruct  Erth           8%         3d8*      65%         5
 Simulacrum               Ice/Necr       8%         N/A       99%         6


Dungeon Overview and Level Annotations

Branches:
Dungeon (10/15)            Temple (0/1) D:7
   Lair: D:8-11         Orc: D:9-12

Altars:
Dithmenos
Gozag
Makhleb
Nemelex Xobeh
Sif Muna
Vehumet
Wu Jian

Shops:
D:1 =

Annotations:
D:4 Edmund
D:6 2 transporters


Message History

You feel very sick.
You feel very sick.
Things that are here:
a +0 dagger; a +0 dagger You feel sick.
Things that are here:
a +0 dagger; a +0 robe; an orc skeleton You feel sick.
You feel sick.
You feel sick.
You are no longer poisoned.
The kobold brigand throws a curare-tipped dart.
The curare-tipped dart hits you.
You are lethally poisoned!
You have difficulty breathing.
* * * LOW HITPOINT WARNING * * *
You feel as though you will be slow longer.
* * * LOW HITPOINT WARNING * * *
You feel extremely sick.
You feel better.
The kobold brigand throws a curare-tipped dart.
The curare-tipped dart barely misses you.
The kobold brigand throws a curare-tipped dart.
The curare-tipped dart completely misses you.
There is an open door here.
There is a stone staircase leading up here.
The kobold brigand throws a curare-tipped dart.
The curare-tipped dart hits you.
You are lethally poisoned!
You have difficulty breathing.
* * * LOW HITPOINT WARNING * * *
You feel as though you will be slow longer.
You climb upwards.
* * * LOW HITPOINT WARNING * * *
You feel extremely sick.
There is a stone staircase leading down here.
Your magical effects are unravelling.
You feel magically purged.
You feel yourself speed up.
You die...

# ##...## ######.## #
##)## #.......# # #)#
#.####..# ######)# #.#
#...# #......## #.#
#.#.# #.###...######.#
#.#.#
#.##.[.........###.#.#
###.###...#.####.......#
.......#.##.####@###.###
###.##.#.##..........#
#.##...........#####
#......#########
########


There were no monsters in sight!

Vanquished Creatures
  Pikel (D:6)
  A hornet (D:7)
  A wraith (D:9)
  3 yaks (D:9)
  A steam dragon (D:8)
  4 water moccasins
  An orc warrior (D:7)
  A sky beast (D:7)
  2 ice beasts (D:6)
  A black bear (D:5)
  An ogre (D:6)
  2 centaurs
  A lemure (D:6)
  2 phantoms
  6 bullfrogs
  3 kobold brigands
  A gnoll sergeant (D:9)
  A necrophage (D:6)
  2 scorpions (D:6)
  14 wights
  9 killer bees
  2 howler monkeys
  3 lava snakes (D:7)
  3 hounds
  2 orc priests
  Natasha (thrice) (D:2)
  3 iguanas
  8 orc wizards
  2 adders (D:3)
  7 gnolls
  2 white imps (D:7)
  A worm (D:4)
  A dart slug (D:2)
  30 orcs
  2 ball pythons
  4 endoplasms (D:2)
  4 giant cockroaches
  6 goblins
  8 hobgoblins
  23 kobolds
  A quokka (D:2)
  5 bats
  A frilled lizard (D:3)
  3 rats
182 creatures vanquished.

Vanquished Creatures (others)
  2 fulminant prisms
  4 toadstools (D:2)
6 creatures vanquished.

Grand Total: 188 creatures vanquished

Notes
Turn   | Place    | Note
-------+----------+-------------------------------------------
     0 | D:1      | lorenzova the Deep Elf Conjurer began the quest for the
                  | Orb.
     0 | D:1      | Reached XP level 1. HP: 10/10 MP: 6/6
   581 | D:1      | Found Axeoffu's Jewellery Emporium.
   608 | D:1      | Reached XP level 2. HP: 15/15 MP: 5/8
   611 | D:1      | Learned a level 2 spell: Searing Ray
  1118 | D:2      | Reached skill level 4 in Spellcasting
  1118 | D:2      | Reached skill level 5 in Conjurations
  1118 | D:2      | Reached XP level 3. HP: 19/19 MP: 1/10
  2117 | D:2      | Noticed Natasha
  2121 | D:2      | Killed Natasha
  2122 | D:2      | Reached XP level 4. HP: 24/24 MP: 6/12
  2928 | D:2      | Noticed Natasha
  2932 | D:2      | Killed Natasha
  2933 | D:2      | Reached skill level 5 in Spellcasting
  3931 | D:2      | Identified the +0 ring mail of Disguise {Regen+}
  3963 | D:2      | Noticed Natasha
  3967 | D:2      | Killed Natasha
  4358 | D:3      | Found a shimmering blue altar of Sif Muna.
  4363 | D:3      | Reached XP level 5. HP: 28/28 MP: 9/14
  4476 | D:3      | Found an opulent altar of Gozag.
  4686 | D:3      | Found a faded altar of an unknown god.
  5077 | D:3      | Found a radiant altar of Vehumet.
  5118 | D:3      | Became a worshipper of Vehumet
  5412 | D:4      | Reached skill level 6 in Spellcasting
  5448 | D:4      | Learned a level 3 spell: Conjure Flame
  5464 | D:4      | Noticed Edmund
  5482 | D:4      | Found a shadowy altar of Dithmenos.
  5970 | D:4      | Found a burning altar of Makhleb.
  6100 | D:4      | Reached XP level 6. HP: 32/32 MP: 17/17
  6377 | D:5      | Entered Level 5 of the Dungeon
  6386 | D:5      | Reached skill level 1 in Fire Magic
  7191 | D:5      | Reached skill level 7 in Spellcasting
  7567 | D:6      | Reached XP level 7. HP: 25/36 MP: 19/19
  7631 | D:6      | Found an ornate altar of the Wu Jian Council.
  8008 | D:6      | Found a transporter.
  8122 | D:6      | Reached skill level 8 in Spellcasting
  8204 | D:6      | Reached * piety under Vehumet
  8204 | D:6      | Offered knowledge of Foxfire by Vehumet.
  8205 | D:6      | Reached XP level 8. HP: 39/41 MP: 18/22
  8277 | D:6      | Found a sparkling altar of Nemelex Xobeh.
  8412 | D:6      | Noticed Pikel
  8487 | D:6      | Killed Pikel
  8488 | D:6      | Reached skill level 9 in Spellcasting
  8488 | D:6      | Reached skill level 5 in Fire Magic
  8758 | D:6      | Found a transporter.
  9208 | D:7      | Reached XP level 9. HP: 34/45 MP: 22/24
  9428 | D:7      | Reached skill level 10 in Spellcasting
 10600 | D:6      | Learned a level 4 spell: Sticky Flame
 10605 | D:6      | Learned a level 4 spell: Iskenderun's Mystic Blast
 10610 | D:6      | Learned a level 4 spell: Fulminant Prism
 10667 | D:7      | Found a staircase to the Ecumenical Temple.
 11029 | D:7      | Reached skill level 1 in Hexes
 11030 | D:7      | Reached skill level 1 in Translocations
 11442 | D:8      | Reached skill level 10 in Conjurations
 11578 | D:8      | Reached skill level 11 in Spellcasting
 11984 | D:8      | Reached ** piety under Vehumet
 12074 | D:8      | Offered knowledge of Shock by Vehumet.
 12448 | D:8      | Identified the +0 robe of Sifin {Harm rF+ Int+2}
 12508 | D:8      | Reached XP level 10. HP: 44/50 MP: 7/27
 14243 | D:9      | Offered knowledge of Inner Flame by Vehumet.
 14768 | D:10     | Entered Level 10 of the Dungeon
 14867 | D:10     | Reached skill level 12 in Spellcasting
 15136 | D:9      | Succumbed to a kobold brigand's curare-tipped dart

Illustrated notes

Levels and vault maps discovered:
D:1:      psy_arrival_dodecagon, layout_loops_ring, serial_shops,
          nicolae_shop_hallway_stairs, minmay_misc_feat_four_crosses, hex_tiny
D:2:      layout_basic, minmay_gold_behind_fungi,
          hangedman_decor_diamond_cutter, uniq_natasha
D:3:      layout_basic, mainiacjoe_overflow_cross_hatched,
          mainiacjoe_overflow_catch_the_wave, chequers_ecumenical_altar_simple
D:4:      layout_loops_corners, grunt_dithmenos_smoke_and_mirrors,
          old_standard_altar, uniq_edmund
D:5:      layout_basic
D:6:      gammafunk_cloud_chamber, layout_basic,
          mainiacjoe_overflow_surrounded_room, mainiacjoe_overflow_alcove_1,
          uniq_pikel
D:7:      layout_gridville, temple_hall, kennysheep_cross_room,
          chequers_serial_rivers_room_a, kennysheep_path_1, minmay_manual_mess
D:8:      layout_loops_ring
D:9:      layout_loops_corners, serial_aquarium, aquarium_bridge_long_joined
          [aquarium_subvault_balcony, aquarium_subvault_bridge,
          aquarium_subvault_wall, aquarium_subvault_window,
          aquarium_subvault_bridge, aquarium_subvault_bridge],
          aquarium_window_1, aquarium_window_1, aquarium_window_1,
          aquarium_view_2c, aquarium_view_2e, aquarium_balcony_5b
D:10:     layout_loops_corners, erik_orc_4, evilmike_minifort

Skill      XL: |  1  2  3  4  5  6  7  8  9 10 |
---------------+-------------------------------+-----
Spellcasting   | 4 5 6 7 8 9 11 12 | 12.0
Conjurations   | 5 6 7 9 10 | 10.8
Fire Magic     | 2 4 6 8 |  8.7
Hexes          | 2 3 |  3.7
Translocations | 2 3 |  3.1
Dodging        | |  2.4
Stealth        | |  2.4

Action                   |  1- 3 |  4- 6 |  7- 9 | 10-12 || total
-------------------------+-------+-------+-------+-------++-------
 Cast: Magic Dart        |    54 |    93 |    84 |    41 ||   272
       Searing Ray       |     2 |    12 |    52 |    29 ||    95
       Conjure Flame     |       |       |    13 |    10 ||    23
       Iskenderun's Myst |       |       |     2 |       ||     2
       Fulminant Prism   |       |       |     2 |       ||     2
       Sticky Flame      |       |       |     1 |     3 ||     4
  Use: Scroll            |       |     9 |     1 |     1 ||    11
       Potion            |       |       |     3 |     2 ||     5
Armor: Robe              |     3 |       |     3 |       ||     6
       Steam dragon scal |       |       |       |     2 ||     2
Dodge: Dodged            |     2 |     7 |    27 |    12 ||    48

Table legend: (Time is in decaauts)
 A = Elapsed time spent in this place.
 B = Non-inter-level travel time spent in this place.
 C = Inter-level travel time spent in this place.
 D = Time resting spent in this place.
 E = Time spent auto-exploring this place.
 F = Levels seen in this place.
 G = Mean time per level.
                   A        B        C        D        E       F      G
               +--------+--------+--------+--------+--------+-----+--------+
         Total |  15147 |  14475 |    672 |   7310 |   5630 |  10 | 1514.7 |
       Dungeon |  15147 |  14475 |    672 |   7310 |   5630 |  10 | 1514.7 |
               +--------+--------+--------+--------+--------+-----+--------+

Top non-repeatable levels by time:
     D:2: 3191 daAuts
     D:7: 1949 daAuts
     D:9: 1847 daAuts
     D:6: 1834 daAuts
     D:8: 1592 daAuts
     D:3: 1264 daAuts
     D:5: 1159 daAuts
     D:4: 1003 daAuts
     D:1: 930 daAuts
    D:10: 375 daAuts
